 Dungeon Crawl Stone Soup version 0.21-a0-283-g622b906 (webtiles) character file.

152 CcS the Ruffian (level 5, -2/40 HPs)
             Began as a Draconian Transmuter on Sept 24, 2017.
             Slain by an orc wizard
             ... wielding a +0 dagger
              (4 damage)
             ... on level 2 of the Dungeon.
             The game lasted 00:01:54 (1288 turns).

CcS the Ruffian (Draconian Transmuter)              Turns: 1288, Time: 00:01:54

Health: -2/40      AC:  5    Str: 12    XL:     5   Next: 11%
Magic:  2/8        EV: 17    Int: 15    God:
Gold:   80         SH:  0    Dex: 16    Spells: 2/8 levels left

rFire    . . .     SeeInvis .     - Unarmed
rCold    . . .     Gourm    .   (no shield)
rNeg     . . .     Faith    .   (armour unavailable)
rPois    .         Spirit   .   (helmet restricted)
rElec    .         Reflect  .   (no cloak)
rCorr    .         Harm     .   (no gloves)
MR       .....                  (no boots)
Stlth    ++........             (no amulet)
HPRegen  0.13/turn              (no ring)
MPRegen  0.11/turn              (no ring)

@: agile, hasted, very quick
A: unfitting armour, cold-blooded, AC +5
a: no special abilities


You were on level 2 of the Dungeon.
You were not hungry.

You visited 1 branch of the dungeon, and saw 2 of its levels.

You collected 80 gold pieces.

Inventory:

Missiles
 a - 22 arrows
Scrolls
 d - 2 scrolls of teleportation {unknown}
 e - 2 scrolls of identify {unknown}
 j - 2 scrolls of recharging {unknown}
Potions
 f - a potion of might {unknown}
 h - a potion of curing {unknown}
 k - a potion of agility
Books
 b - a book of Changes

   Spells                             Type                      Level
   a - Beastly Appendage              Transmutation                1
   b - Sticks to Snakes               Transmutation                2
   c - Spider Form                    Transmutation/Poison         3
   d - Ice Form                       Ice/Transmutation            4
   e - Blade Hands                    Transmutation                5
Comestibles
 c - 2 bread rations {@e1}
 g - 10 chunks of flesh


   Skills:
 - Level 1.1 Fighting
 - Level 1.7 Dodging
 + Level 5.9 Unarmed Combat
 - Level 2.0 Spellcasting
 - Level 2.0 Transmutations


You had 2 spell levels left.
You knew the following spells:

 Your Spells              Type           Power        Failure   Level  Hunger
a - Beastly Appendage     Tmut           #.....       10%         1    #......
b - Sticks to Snakes      Tmut           #.......     14%         2    ###....
c - Spider Form           Tmut/Pois      #.........   41%         3    ###....


Dungeon Overview and Level Annotations

Branches:
Dungeon (2/15)

Altars:
Sif Muna


Innate Abilities, Weirdness & Mutations

Your plain brown scales are hard. (AC +5)
You cannot fit into any form of body armour.
You are cold-blooded and may be slowed by cold attacks.


Message History

Something hits you but does no damage. The quokka completely misses you.
You completely miss the quokka.
Your tail-slap misses the quokka.
Something hits you but does no damage. The quokka completely misses you.
You hit the quokka.
You tail-slap the quokka, but do no damage.
Something completely misses you. The quokka completely misses you.
You hit the quokka.
You kill the quokka!
Something barely misses you.
You hit the orc.
You tail-slap the orc, but do no damage.
Something hits you but does no damage.
You hit the orc wizard. You closely miss the orc wizard.
The orc wizard hits you but does no damage.
Something completely misses you. The orc wizard hits you with a dagger.
* * * LOW HITPOINT WARNING * * *
It was a potion of haste.
You feel yourself speed up. Something completely misses you.
The orc wizard hits you with a dagger.
You die...

#.#.####.############
#...................##
##.##...##########...
#.### #### #.# #. ##.#
####. #..# #.... #%.#
#.### #@## ##.###
.....oo)# ##.....
.......## #..####
.....## #.## # .....
##.## .... #...# ...
#)..# # ... #...# #
#...# #


You could see an orc wizard and an orc.

Vanquished Creatures
  2 orc wizards (D:2)
  Jessica (D:2)
  2 adders (D:2)
  A worm (D:2)
  A dart slug (D:1)
  7 bats
  3 giant cockroaches
  A goblin (D:2)
  5 hobgoblins
  10 jackals
  A quokka (D:2)
  2 ball pythons (D:1)
  3 frilled lizards (D:1)
  2 kobolds (D:1)
  5 rats
46 creatures vanquished.

Notes
Turn   | Place    | Note
-------+----------+-------------------------------------------
     0 | D:1      | CcS the Draconian Transmuter began the quest for the Orb.
     0 | D:1      | Reached XP level 1. HP: 16/16 MP: 3/3
   164 | D:1      | Reached XP level 2. HP: 8/23 MP: 5/5
   508 | D:1      | Reached skill level 4 in Unarmed Combat
   765 | D:1      | Reached XP level 3. HP: 22/28 MP: 4/6
   773 | D:1      | Learned a level 2 spell: Sticks to Snakes
   777 | D:1      | Learned a level 3 spell: Spider Form
   936 | D:2      | Noticed Jessica
   950 | D:2      | Killed Jessica
   970 | D:2      | Found a deep blue altar of Sif Muna.
  1039 | D:2      | Reached skill level 5 in Unarmed Combat
  1039 | D:2      | Reached XP level 4. HP: 23/35 MP: 5/7
  1280 | D:2      | Reached XP level 5. HP: 9/40 MP: 1/8
  1287 | D:2      | HP: 2/40 [orc wizard/dagger (4)]
  1288 | D:2      | Slain by an orc wizard

Vault maps used:
D:1:      evilmike_arrival_home_sweet_home
D:2:      old_standard_altar, first_bread, lemuel_tele_altar, uniq_jessica

Skill      XL: |  1  2  3 |
---------------+----------+-----
Unarmed Combat | 4 5 |  5.9
Fighting       | |  1.1
Dodging        | |  1.7
Spellcasting   | |  2.0
Transmutations | |  2.0

Action                   |  1- 3 |  4- 6 || total
-------------------------+-------+-------++-------
Melee: Unarmed           |   126 |    46 ||   172
       Tailslap          |    13 |     4 ||    17
       Kick              |     6 |     3 ||     9
       Punch             |     1 |     2 ||     3
       Headbutt          |     1 |     1 ||     2
 Cast: Beastly Appendage |    11 |     3 ||    14
       Sticks to Snakes  |       |     2 ||     2
       Spider Form       |       |     1 ||     1
  Use: Potion            |       |     2 ||     2
 Stab: Sleeping          |     3 |       ||     3
  Eat: Chunk             |     1 |     1 ||     2
Armor: Skin              |    54 |    15 ||    69
Dodge: Dodged            |    92 |    40 ||   132

Table legend:
 A = Spawn XP
 B = Non-spawn XP
 C = Spawn XP percentage of total XP
 D = Spawn monster count
 E = Non-spawn monster count
 F = Spawn count percentage of total count
 G = Total turns spent on level
                    A         B        C        D         E        F      G
               +---------+---------+-------+---------+---------+-------+---------
         Total |       0 |     218 |   0.0 |       0 |      46 |   0.0 |  1288
               +---------+---------+-------+---------+---------+-------+---------
           D:1 |       0 |      46 |   0.0 |       0 |      29 |   0.0 |   889
           D:2 |       0 |     172 |   0.0 |       0 |      17 |   0.0 |   399
               +---------+---------+-------+---------+---------+-------+---------

Vault maps used:
D:1:      evilmike_arrival_home_sweet_home
D:2:      old_standard_altar, first_bread, lemuel_tele_altar, uniq_jessica
